 Dungeon Crawl Stone Soup version 0.21.1-1-g345015f (webtiles) character file.

10522 sking99 the Grappler (level 11, -2/111 HPs)
             Began as a Troll Monk on June 24, 2018.
             Slain by a seven-headed hydra (7 damage)
             ... on level 10 of the Dungeon.
             The game lasted 00:37:36 (9309 turns).

sking99 the Grappler (Troll Monk)                   Turns: 9309, Time: 00:37:36

Health: -2/111     AC:  9    Str: 21    XL:     11   Next: 37%
Magic:  10/10      EV: 14    Int:  6    God:
Gold:   416        SH:  0    Dex: 15    Spells: 10/10 levels left

rFire    . . .     SeeInvis +     - Unarmed
rCold    . . .     Gourm    +   (no shield)
rNeg     . . .     Faith    .   O - +2 troll leather armour
rPois    .         Spirit   .   (helmet restricted)
rElec    .         Reflect  .   C - scarf {repulsion}
rCorr    +         Harm     .   (gloves unavailable)
MR       .....                  (boots unavailable)
Stlth    ++........             v - amulet of regeneration
HPRegen  1.48/turn              s - ring of resist corrosion
MPRegen  0.12/turn              o - ring of see invisible

@: lethally poisoned (-2 -> -2), about to teleport, repel missiles
A: large, unfitting armour, claws 3, fast metabolism 3, gourmand, regeneration
1, shaggy fur 1, tough skin 2
a: no special abilities


You were on level 10 of the Dungeon.
You were completely stuffed.

You visited 2 branches of the dungeon, and saw 12 of its levels.

You collected 689 gold pieces.
You spent 273 gold pieces at shops.

Inventory:

Missiles
 m - 187 stones (quivered)
 E - 5 javelins of returning
 M - a throwing net
Armour
 a - a +1 robe
 i - a +2 robe of positive energy
 C - a scarf of repulsion (worn)
 O - a +2 troll leather armour (worn)
Jewellery
 j - an uncursed ring of positive energy
 o - a ring of see invisible (right claw)
 s - a ring of resist corrosion (left claw)
 u - an uncursed ring of resist corrosion
 v - an amulet of regeneration (around neck)
 L - an uncursed ring of fire
Wands
 q - a wand of scattershot (15)
 y - a wand of flame (32)
 F - a wand of digging (17)
 K - a wand of paralysis (5)
Scrolls
 f - 5 scrolls of teleportation
 l - 4 scrolls of remove curse
 n - a scroll of vulnerability {unknown}
 D - a scroll of magic mapping
 J - 5 scrolls of identify
Potions
 c - a potion of cancellation
 e - 4 potions of lignification
 g - 3 potions of degeneration
 h - a potion of magic
 k - 2 potions of agility
 r - a potion of curing
 t - a potion of might
 w - 3 potions of invisibility
 x - a potion of haste
 z - 3 potions of brilliance
 A - 2 potions of heal wounds
 B - a potion of mutation {unknown}
 H - 2 potions of ambrosia
Books
 p - a book of the Sky

   Spells                             Type                      Level
   a - Summon Lightning Spire         Summoning/Air                4
   b - Silence                        Hexes/Air                    5
   c - Deflect Missiles               Charms/Air                   6
   d - Conjure Ball Lightning         Conjuration/Air              6
   e - Tornado                        Air                          9
Comestibles
 b - 28 rations


   Skills:
 + Level 8.0 Fighting
 * Level 8.0 Throwing
 + Level 1.8 Armour
 - Level 7.7 Dodging
 - Level 1.0 Stealth
 - Level 10.0 Unarmed Combat


You had 10 spell levels left.
You didn't know any spells.

Dungeon Overview and Level Annotations

Branches:
Dungeon (11/15)            Temple (1/1) D:6            Lair (0/6) D:8
    Orc (0/2) D:9

Altars:
Ashenzari
Cheibriados
Dithmenos
Elyvilon
Fedhas
Gozag
Hepliaklqana
Kikubaaqudgha
Makhleb
Nemelex Xobeh
Okawaru
Qazlal
Ru
Sif Muna
Trog
Uskayaw
Vehumet
Wu Jian
Xom
Yredelemnul
Zin
The Shining One

Shops:
D:5 (   D:8 !   D:10 !(}[

Annotations:
D:9 exclusion: door


Innate Abilities, Weirdness & Mutations

You are too large for most types of armour.
You have claws for hands.
Your metabolism is lightning-fast.
You like to eat raw meat.
Your natural rate of healing is unusually fast.
You are covered in fur. (AC +1)
You have very tough skin. (AC +2)


Message History

The seven-headed hydra closely misses you.
The seven-headed hydra barely misses you.
The seven-headed hydra bites you!
* * * LOW HITPOINT WARNING * * *
The seven-headed hydra bites you but does no damage.
You scratch the eye of draining but do no damage.
The eye of draining is moderately wounded.
You feel sick.
The hippogriff bites you but does no damage.
The hippogriff barely misses you. The hippogriff claws you.
* * * LOW HITPOINT WARNING * * *
As you read the scroll of teleportation, it crumbles to dust.
You feel strangely unstable. The seven-headed hydra bites you!
* * * LOW HITPOINT WARNING * * *
The seven-headed hydra bites you but does no damage.
The seven-headed hydra barely misses you.
The seven-headed hydra bites you!
* * * LOW HITPOINT WARNING * * *
The seven-headed hydra misses you. The seven-headed hydra bites you!
You die...

..'.....##.............#.#####.#
#.#.....##.............#.#####.#
..#.##..################..)....#
#'#.##..#......# ####....#
.|...#..#...)..# #.##.#
.....#..#..###.# #.##.#
#########......####### #....#
....# ####....H....# #....#
##..# #.##D@###.# #.##.# ##..#
#.##..G...# #.##.# ....#####
#.##......# #....#
##'#....####.........######....#
..)#.##.....########...........#
...#.##.....#......#.#.........#
..)'........#......#.#.........#
...#####....#......#.#.........#
...##..#....#..##..#...........#


You could see a seven-headed hydra, a hippogriff and an eye of draining.

Vanquished Creatures
  A two-headed ogre (D:9)
  2 centaur zombies
  A komodo dragon (D:9)
  A queen bee (D:9)
  A troll (D:10)
  2 hornets
  2 hippogriffs
  5 yaks (D:10)
  4 hogs (D:8)
  A human (D:8)
  The ghost of snakesoul the Skirmisher, an amateur DsFi (D:4)
  A hungry ghost (D:7)
  4 orc warriors (D:9)
  2 sky beasts
  2 ice beasts (D:6)
  A hornet zombie (D:10)
  6 ogres
  2 centaurs
  A crocodile (D:9)
  A big kobold (D:10)
  Blork the orc (D:5)
  5 bullfrogs
  2 scorpions
  46 killer bees
  5 wights (D:10)
  2 electric eels (D:9)
  2 howler monkeys
  4 crimson imps
  A bullfrog zombie (D:10)
  5 hounds
  2 jellies
  6 orc priests
  4 bullfrog skeletons
  An iguana (D:7)
  8 orc wizards
  14 worker ants
  A hound skeleton (D:4)
  A howler monkey zombie (D:9)
  A worker ant zombie (D:10)
  7 gnolls
  14 adders
  2 shadow imps
  3 oozes
  An adder zombie (D:7)
  4 worms
  2 dart slugs
  12 leopard geckos
  34 orcs
  8 bats
  11 giant cockroaches
  11 goblins
  7 hobgoblins
  17 jackals
  11 quokkas
  A ball python (D:3)
  5 frilled lizards
  12 kobolds
  A leopard gecko skeleton (D:5)
  A leopard gecko zombie (D:7)
  2 rats
318 creatures vanquished.

Vanquished Creatures (others)
  6 bushes (D:10)
6 creatures vanquished.

Grand Total: 324 creatures vanquished

Notes
Turn   | Place    | Note
-------+----------+-------------------------------------------
     0 | D:1      | sking99 the Troll Monk began the quest for the Orb.
     0 | D:1      | Reached XP level 1. HP: 22/22 MP: 0/0
   204 | D:1      | Reached XP level 2. HP: 29/29 MP: 1/1
   847 | D:2      | Reached XP level 3. HP: 36/36 MP: 2/2
  1154 | D:2      | Reached skill level 4 in Unarmed Combat
  1401 | D:2      | Reached XP level 4. HP: 42/44 MP: 3/3
  1807 | D:3      | Reached XP level 5. HP: 53/53 MP: 4/4
  2551 | D:4      | Noticed an ogre
  2555 | D:4      | Reached skill level 5 in Unarmed Combat
  2591 | D:3      | Killed an ogre
  2591 | D:3      | Reached XP level 6. HP: 49/61 MP: 5/5
  2691 | D:4      | Noticed snakesoul's ghost (amateur DsFi)
  2725 | D:4      | Killed snakesoul's ghost
  2725 | D:4      | Reached skill level 6 in Unarmed Combat
  2725 | D:4      | Reached XP level 7. HP: 32/68 MP: 6/6
  3182 | D:5      | Entered Level 5 of the Dungeon
  3334 | D:5      | Found Cehu Vov's Antique Weapon Shoppe.
  3568 | D:5      | Noticed Blork the orc
  3584 | D:5      | Killed Blork the orc
  3584 | D:5      | Reached skill level 7 in Unarmed Combat
  3612 | D:5      | Found a hide-covered altar of Uskayaw.
  3612 | D:5      | Found an ancient bone altar of Kikubaaqudgha.
  3856 | D:5      | Found a sacrificial altar of Ru.
  4088 | D:6      | Found a bloodstained altar of Trog.
  4118 | D:6      | Found a sacrificial altar of Ru.
  4129 | D:6      | Reached XP level 8. HP: 79/79 MP: 7/7
  4169 | D:6      | You fall through a shaft!
  4421 | D:6      | Found a staircase to the Ecumenical Temple.
  4428 | Temple   | Entered the Ecumenical Temple
  4724 | D:6      | Reached skill level 8 in Unarmed Combat
  4779 | D:6      | Reached skill level 5 in Fighting
  4779 | D:6      | Reached skill level 5 in Dodging
  5209 | D:7      | Reached XP level 9. HP: 88/88 MP: 8/8
  5210 | D:7      | Reached skill level 9 in Unarmed Combat
  5972 | D:8      | Found a staircase to the Lair.
  5997 | D:8      | Found Peutan's Distillery.
  6000 | D:8      | Bought 2 potions of ambrosia for 176 gold pieces
  6000 | D:8      | Bought a potion of heal wounds for 55 gold pieces
  6087 | D:8      | Reached skill level 10 in Unarmed Combat
  6113 | D:8      | Reached skill level 1 in Throwing
  6154 | D:8      | Reached XP level 10. HP: 57/100 MP: 9/9
  6906 | D:9      | Noticed a two-headed ogre
  6916 | D:9      | Killed a two-headed ogre
  6971 | D:9      | Found a radiant altar of Vehumet.
  6971 | D:9      | Found an iron altar of Okawaru.
  7017 | D:9      | Reached skill level 5 in Throwing
  7067 | D:9      | Found a white marble altar of Elyvilon.
  7096 | D:9      | Paralysed by a centaur for 7 turns
  8020 | D:9      | Reached XP level 11. HP: 91/109 MP: 10/10
  8029 | D:9      | Found a staircase to the Orcish Mines.
  8192 | D:10     | Entered Level 10 of the Dungeon
  8286 | D:10     | Found Yxagg's Gadget Boutique.
  8432 | D:10     | Found Eggaffot's Distillery.
  8440 | D:10     | Bought a potion of lignification for 42 gold pieces
  8516 | D:10     | Found Uweuj's Armour Boutique.
  8807 | D:10     | Found Ilimew's Antique Weapon Shop.
  8957 | D:10     | Reached skill level 1 in Armour
  9277 | D:11     | Noticed a seven-headed hydra
  9309 | D:10     | HP: 5/111 [seven-headed hydra (11)]
  9309 | D:10     | Slain by a seven-headed hydra

Skill      XL: |  1  2  3  4  5  6  7  8  9 10 11 |
---------------+----------------------------------+-----
Unarmed Combat | 4 5 6 7 8 10 | 10.0
Fighting       | 3 4 5 6 7 8 |  8.0
Dodging        | 3 4 5 6 7 |  7.7
Throwing       | 3 6 8 |  8.0
Armour         | 1 |  1.8
Stealth        | |  1.0

Action                   |  1- 3 |  4- 6 |  7- 9 | 10-12 || total
-------------------------+-------+-------+-------+-------++-------
Melee: Unarmed           |   101 |   126 |   306 |   381 ||   914
       Punch             |     1 |     1 |     8 |    20 ||    30
Throw: Stone             |    22 |    11 |    12 |   128 ||   173
       Tomahawk          |       |       |    11 |    19 ||    30
       Javelin           |       |       |     1 |       ||     1
  Use: Potion            |       |     2 |     1 |     5 ||     8
       Scroll            |       |       |    15 |     7 ||    22
 Stab: Sleeping          |     3 |       |     4 |     2 ||     9
  Eat: Chunk             |    18 |    12 |    34 |    29 ||    93
Armor: Robe              |    38 |    39 |    72 |    58 ||   207
       Troll leather arm |       |       |       |    46 ||    46
Dodge: Dodged            |    66 |    62 |   185 |   324 ||   637
       Deflected         |       |       |     1 |     3 ||     4
